AoeStats
← ITA | Raffy

Nomad

503250690Analyzed
4v4 RM · 1mo ago on Aug 30, 2026· 36m 51s· 8 players
Game mode
Random Map
Map size
231×231
Population
200
Speed
Normal
Resources
Standard
Victory
Conquest
Starting age
Dark Age
Ending age
Imperial Age
RankedLock teamsTeams togetherTeam positionsShared explorationLock speedFull tech treeHidden civsTurbo modeCheats
Victory
Defeat
🇮🇹 Hindustanis · Italy
1416
+9
🇮🇹 Italians · Italy
1394
+9
🇮🇹 Gurjaras · Italy
1367
+10
🇬🇧 Goths · United Kingdom
1196
+18
🇦🇷 Franks · Argentina
1260
-12
🇫🇷 Malians · France
1257
-12
🇪🇸 Dravidians · Spain
1243
-12
🇦🇹 Cumans · Austria
1204
-10
Rpt
4:37 Loom
17:33 Feudal Age
19:32 Double-Bit Axe
24:06 Castle Age
Pepelu_wins
4:12 Loom
5:03 Loom
15:34 Feudal Age
19:32 Castle Age
17:27 Double-Bit Axe
18:50 Stone Mining
20:17 Fletching
21:30 Bodkin Arrow
24:22 Medium Warships
24:27 Gold Mining
25:29 Horse Collar
29:09 Imperial Age
28:08 Wheelbarrow
28:13 Heavy Plow
28:10 Demolition Ship
29:18 Heavy Demolition Ship
31:11 Murder Holes
31:35 Pikeman
32:16 Squires
stYx
6:27 Loom
14:30 Feudal Age
19:34 Double-Bit Axe
22:01 Horse Collar
24:30 Wheelbarrow
29:19 Castle Age
29:33 Capped Ram
31:28 Bow Saw
Lord_Wilfredo
4:56 Loom
13:48 Feudal Age
17:00 Town Watch
19:44 Castle Age
17:54 Scale Barding Armor
18:26 Fishing Lines
20:34 Double-Bit Axe
21:13 Fletching
21:40 Gold Mining
34:54 Wheelbarrow
36:12 Padded Archer Armor
Roar
5:43 Loom
14:19 Feudal Age
19:29 Fletching
20:18 Fishing Lines
25:00 Castle Age
27:52 Double-Bit Axe
27:49 Horse Collar
29:06 Wheelbarrow
37:07 Bow Saw
36:58 Heavy Plow
36:49 Gillnets
Catipan Dixlesya
5:19 Loom
14:14 Feudal Age
18:54 Castle Age
17:20 Double-Bit Axe
18:05 Horse Collar
20:00 Bow Saw
19:55 Scale Mail Armor
21:58 Forging
23:41 Chain Mail Armor
29:43 Squires
29:28 Arson
30:38 Scale Barding Armor
33:10 Arson
34:42 Fletching
NICH
5:37 Loom
14:59 Feudal Age
20:19 Castle Age
18:23 Double-Bit Axe
18:29 Gold Mining
18:59 Horse Collar
20:15 Scale Barding Armor
20:22 Forging
20:46 Bloodlines
21:33 Bow Saw
24:07 Heavy Plow
27:12 Wheelbarrow
26:46 Stone Mining
31:30 Squires
31:32 Scale Mail Armor
32:08 Iron Casting
32:57 Hand Cart
32:28 Town Watch
34:34 Chain Mail Armor
38:49 Imperial Age
ITA | Raffy
4:45 Loom
12:55 Feudal Age
13:22 Feudal Age
13:51 Double-Bit Axe
23:02 Castle Age
20:51 Horse Collar
21:26 Town Watch
21:34 Stone Mining
21:38 Fishing Lines
24:36 Medium Warships
24:35 Gold Mining
25:21 Stone Shaft Mining
25:04 Bow Saw
25:54 Gillnets
26:26 Fletching
26:37 Padded Archer Armor
28:19 Bodkin Arrow
28:40 Leather Archer Armor
29:48 Ballistics
30:33 Wheelbarrow
35:20 Imperial Age
36:13 Elite Genoese Crossbowman
Connection lost

Rejoining the realm…

Still unreachable

The connection could not be restored.

Session expired

The server has moved on; the page needs a fresh start.